 Dungeon Crawl Stone Soup version 0.22.1-1-ga44c0e5 (webtiles) character file.

100 Torikoriko the Skirmisher (level 4, 0/48 HPs)
             Began as an Ogre Gladiator on Sept 23, 2018.
             Slain by a hound (3 damage)
             ... on level 4 of the Dungeon.
             The game lasted 00:07:11 (2682 turns).

Torikoriko the Skirmisher (Ogre Gladiator)          Turns: 2682, Time: 00:07:12

Health: 0/48       AC:  3    Str: 23    XL:     4   Next: 73%
Magic:  4/4        EV:  8    Int:  9    God:
Gold:   148        SH:  7    Dex: 11    Spells: 3/3 levels left

rFire    . . .     SeeInvis .   a - +0 flail
rCold    . . .     Gourm    .   t - +0 shield
rNeg     . . .     Faith    .   b - +0 robe
rPois    .         Spirit   .   c - +0 hat
rElec    .         Reflect  .   (no cloak)
rCorr    .         Harm     .   (gloves unavailable)
MR       .....                  (boots unavailable)
Stlth    +.........             (no amulet)
HPRegen  0.16/turn              k - ring of wizardry
MPRegen  0.09/turn              (no ring)

@: mighty, flying
A: large, unfitting armour, tough skin 1
a: no special abilities


You were on level 4 of the Dungeon.
You were not hungry.

You visited 1 branch of the dungeon, and saw 4 of its levels.

You collected 148 gold pieces.

Inventory:

Hand Weapons
 a - a +0 flail (weapon)
 s - a +2 flail of crushing
Missiles
 d - 3 throwing nets {!f}
 e - 73 stones (quivered)
 p - 14 poisoned needles
Armour
 b - a +0 robe (worn)
 c - a +0 hat (worn)
 t - a +0 shield (worn)
Jewellery
 k - a ring of wizardry (left hand)
 l - an uncursed ring of poison resistance {unknown}
Scrolls
 j - 2 scrolls of amnesia
 m - a scroll of fear {unknown}
 n - a scroll of teleportation {unknown}
 q - a scroll of remove curse {unknown}
 u - a scroll of enchant weapon {unknown}
 v - a scroll of fog {unknown}
 w - a scroll of identify {unknown}
Potions
 g - a potion of degeneration {unknown}
 h - a potion of flight
 i - a potion of might
 o - a potion of brilliance {unknown}
 r - a potion of heal wounds {unknown}
Comestibles
 f - 7 rations


   Skills:
 + Level 3.9 Fighting
 + Level 3.3 Maces & Flails
 - Level 2.0 Throwing
 * Level 3.9 Dodging


You had 3 spell levels left.
You didn't know any spells.
Your spell library was empty.

Dungeon Overview and Level Annotations

Branches:
Dungeon (4/15)
 Temple: D:4-7

Altars:
Uskayaw


Innate Abilities, Weirdness & Mutations

You are too large for most types of armour.
You have tough skin. (AC +1)


Message History

The hound is moderately wounded.
The hound bites you.
* * * LOW HITPOINT WARNING * * *
The hound bites you.
* * * LOW HITPOINT WARNING * * *
You hit the hound.
The hound is heavily wounded.
The hound bites you but does no damage. The hound bites you.
* * * LOW HITPOINT WARNING * * *
The hound bites you.
* * * LOW HITPOINT WARNING * * *
Sorry, you're not good enough to have a special ability.
It was a potion of flight.
You feel very buoyant.
You fly up into the air.
You block the hound's attack. The hound bites you but does no damage.
It was a potion of might.
You feel very mighty all of a sudden. The hound bites you.
You die...

#######.# .#
#.....#.#####.#
#.............#
#.............#
#............#
#.............
#.............
#######+#h#####..
........@.#
######'#######.
#..........
#..........
#.......(..
#......)...
##'########
###### #.# #....#
#.##########


You could see a hound.

Vanquished Creatures
  3 adders
  An ooze (D:2)
  A worm (D:3)
  2 leopard geckos (D:3)
  5 orcs
  A ball python (D:1)
  4 giant cockroaches
  6 goblins
  8 hobgoblins
  4 jackals (D:1)
  7 bats
  3 frilled lizards
  6 kobolds
  4 rats
55 creatures vanquished.

Notes
Turn   | Place    | Note
-------+----------+-------------------------------------------
     0 | D:1      | Torikoriko the Ogre Gladiator began the quest for the Orb.
     0 | D:1      | Reached XP level 1. HP: 22/22 MP: 1/1
   187 | D:1      | Reached XP level 2. HP: 28/29 MP: 2/2
   933 | D:2      | Reached XP level 3. HP: 28/37 MP: 3/3
  1278 | D:2      | Noticed a dagger
  1278 | D:2      | Noticed a dagger
  1284 | D:2      | Found a hide-covered altar of Uskayaw.
  1466 | D:2      | Found a faded altar of an unknown god.
  1693 | D:3      | Reached XP level 4. HP: 46/46 MP: 4/4
  2679 | D:4      | HP: 2/48 [hound (2)]
  2682 | D:4      | Slain by a hound

Skill      XL: |  1  2 |
---------------+-------+-----
Fighting       | 3 |  3.9
Dodging        | 3 |  3.9
Maces & Flails | 3 |  3.3
Throwing       | |  2.0

Action                   |  1- 3 |  4- 6 || total
-------------------------+-------+-------++-------
Melee: Flail             |   107 |    84 ||   191
Throw: Stone             |    19 |    13 ||    32
  Use: Potion            |       |     2 ||     2
       Scroll            |       |     1 ||     1
  Eat: Chunk             |     3 |     3 ||     6
Armor: Robe              |    27 |    24 ||    51
Dodge: Dodged            |    72 |    44 ||   116
Block: Shield            |       |    16 ||    16
